 Dungeon Crawl Stone Soup version 0.31.0-32-g396128a36d (webtiles) character file.

Game seed: 9201189222104748192

1 ChadusMaximus the Caller (level 1, 0/13 HPs)
             Began as a Barachi Summoner on Mar 9, 2024.
             Slain by a goblin
             ... wielding a +0 dagger
              (2 damage)
             ... on level 1 of the Dungeon.
             The game lasted 00:00:24 (59 turns).

ChadusMaximus the Caller (Barachi Summoner)           Turns: 59, Time: 00:00:25

Health: 0/13       AC:  2    Str:  9    XL:     1   Next: 20%
Magic:  0/3        EV: 12    Int: 15    God:
Gold:   0          SH:  0    Dex: 12    Spells: 3/4 levels left

rFire   . . .        (no weapon)
rCold   . . .        (no shield)
rNeg    . . .        a - +0 robe
rPois   .            (no helmet)
rElec   .            (no cloak)
rCorr   .            (no gloves)
SInv    .            (no boots)
Will    .....        (no amulet)
Stlth   ++           (no ring)
HPRegen 0.22/turn    (no ring)
MPRegen 0.08/turn

%: no passive effects
@: unable to hop, slow
A: amphibious, slowness 1, strong legs 1, +LOS
a: Hop


You were on level 1 of the Dungeon.
You visited 1 branch of the dungeon, and saw 1 of its levels.

Inventory:

Armour
 a - a +0 robe (worn)
Scrolls
 c - 2 scrolls of identify {unknown}
Potions
 b - a potion of magic


   Skills:
 + Level 0.1 Fighting
 - Level 2.1 Dodging
 - Level 1.7 Stealth
 + Level 2.2 Spellcasting
 * Level 4.8 Summonings


You had 3 spell levels left.
You knew the following spells:

 Your Spells              Type           Power      Damage    Failure   Level
a - Summon Small Mammal   Summ           64%        N/A       3%          1

Your spell library contained the following spells:

 Spells                   Type           Power      Damage    Failure   Level
 Call Imp                 Summ           32%        N/A       4%          2
 Call Canine Familiar     Summ           16%        N/A       9%          3
 Summon Blazeheart Golem  Fire/Summ      9%         N/A       61%         4
 Summon Lightning Spire   Summ/Air       9%         N/A       61%         4


Dungeon Overview and Level Annotations

Branches:
Dungeon (1/15)

Altars:


Innate Abilities, Weirdness & Mutations

You are amphibious.
You cover ground slowly.
You can hop short distances.
You have an extended range of vision and can be seen from far away.


Message History

Confirm with . or Enter, or press ? or * to list all spells.
The goblin barely misses you. The goblin attacks as it pursues you!
The goblin hits you but does no damage.
Your quokka bites the goblin.
You barely miss the goblin.
The goblin is severely wounded.
Your quokka bites the goblin.
The goblin dies!
The goblin hits your quokka with a +0 dagger.
Unknown command.
You barely miss the hobgoblin.
The hobgoblin is moderately wounded.
Your quokka bites the goblin.
The hobgoblin barely misses you.
The goblin hits your quokka with a +0 dagger.
Your quokka dies!
Your quokka's corpse disappears in a puff of smoke!
Unknown command.
The hobgoblin attacks as it pursues you!
The hobgoblin closely misses you.
The hobgoblin hits you but does no damage.
The hobgoblin closely misses you.
Casting: Summon Small Mammal (safe; 3% risk of failure)
Confirm with . or Enter, or press ? or * to list all spells.
The hobgoblin barely misses you. The goblin hits you with a +0 dagger.
The goblin attacks as it pursues you! The goblin closely misses you.
You barely miss the hobgoblin.
The hobgoblin is lightly wounded.
The goblin hits you with a +0 dagger. The hobgoblin hits you.
* * * LOW HITPOINT WARNING * * *
Your rat bites the hobgoblin.
Unknown command.
Unknown command.
Found a curved runed staff.
The hobgoblin closely misses your rat.
Your rat bites the hobgoblin.
Something completely misses your rat.
Your rat barely misses the hobgoblin.
Something hits your rat.
Your rat bites the rat but does no damage.
The goblin attacks as it pursues you! The goblin hits you with a +0 dagger.
You die...

# ###### ######
####....####....##
.##......##.rr...#
.##..##..##g.##g@#
.##..#..<.#..##..#
.##..#....#..##..#
.##r.##..##..##..#
.....##..)...##...
....####....####...
##### ###### ####


You could see a goblin, a rat and a friendly rat (summoned).

Vanquished Creatures (collateral kills)
  A goblin (D:1)
1 creature vanquished.

Notes
Turn   | Place    | Note
-------+----------+-------------------------------------------
     0 | D:1      | ChadusMaximus the Barachi Summoner began the quest for the
                  | Orb.
     0 | D:1      | Reached XP level 1. HP: 13/13 MP: 3/3
    59 | D:1      | Slain by a goblin

Illustrated notes

Levels and vault maps discovered:
D:1:      minmay_arrival_wavy_path, layout_basic, minmay_distorted

Action                     || total
---------------------------++-------
  Melee: Unarmed           ||     6
   Cast: Summon Small Mamm ||     5
Ability: Hop               ||     1
 Armour: Robe              ||    14
  Dodge: Dodged            ||    14
